 Dungeon Crawl Stone Soup version 0.20.1-1-g8b1a95d66d (webtiles) character file.

52 Fionnbharr the Skirmisher (level 3, -5/33 HPs)
             Began as a Hill Orc Fighter on Dec 31, 2017.
             Killed from afar by an electric eel (12 damage)
             ... with a bolt of electricity
             ... on level 3 of the Dungeon on Jan 3, 2018.
             The game lasted 00:10:57 (773 turns).

Fionnbharr the Skirmisher (Hill Orc Fighter)         Turns: 773, Time: 00:10:58

Health: -5/33      AC:  7    Str: 19    XL:     3   Next: 85%
Magic:  3/3        EV:  8    Int:  8    God:    Xom [..*...]
Gold:   57         SH:  9    Dex: 10    Spells: 2/2 levels left

rFire    . . .     SeeInvis .   a - +0 war axe
rCold    . . .     Gourm    .   c - +0 shield
rNeg     . . .     Faith    .   i - +2 ring mail {rPois}
rPois    +         Spirit   .   k - +0 hat
rElec    .         Reflect  .   (no cloak)
rCorr    .         Harm     .   (no gloves)
MR       .....                  (no boots)
Stlth    ..........             (no amulet)
Regen    0.2/turn               (no ring)
MPRegen  0.1/turn               (no ring)

@: no status effects
A: no striking features
a: Renounce Religion


You were on level 3 of the Dungeon.
You worshipped Xom.
You were a toy of Xom.
You were full.

You visited 1 branch of the dungeon, and saw 3 of its levels.

You collected 57 gold pieces.

Inventory:

Hand Weapons
 a - a +0 war axe (weapon)
Armour
 b - a +0 scale mail
 c - a +0 shield (worn)
 i - a +2 ring mail of poison resistance (worn)
 k - a +0 hat (worn)
 n - a +0 robe
Wands
 o - a wand of flame (18/48)
Scrolls
 e - 2 scrolls of identify {i, unknown}
 g - a scroll of recharging {unknown}
 l - a scroll of amnesia {unknown}
Potions
 d - a potion of might
 j - a potion of curing {unknown}
Comestibles
 f - 3 bread rations
 h - a royal jelly
 m - a meat ration


   Skills:
 + Level 3.8 Fighting
 + Level 3.8 Axes
 + Level 3.7 Armour
 + Level 0.4 Dodging
 + Level 3.8 Shields


You had 2 spell levels left.
You didn't know any spells.

Dungeon Overview and Level Annotations

Branches:
Dungeon (3/15)

Altars:
Hepliaklqana
Xom

Annotations:
D:3 1 transporter


Message History

Unknown command.
Unknown command.
There are no items here.
There is a transporter here.
You enter the transporter and appear at another place.
o - a wand of flame (?/48)
You open the door.
The electric eel shoots out a bolt of lightning at you!
The bolt of electricity hits you!
The electric eel shoots out a bolt of lightning at you!
The bolt of electricity hits you! x2
* * * LOW HITPOINT WARNING * * *
The bolt of electricity hits the plant.
There is an open door here.
Xom plays with reality for a moment.
You swap places.
You swap places.
The electric eel shoots out a bolt of lightning at you!
The bolt of electricity hits you!
You die...

.........##.#≈...≈#.#
.........##.#≈...≈#.#
#+#########.#≈...≈#.#
#.# #.#≈.♣.≈#.# #.#
#.#≈...≈#.# ..#
#.#≈...;#.# ..####
#.#;...;#.# ..##.#
#.###'###.# ..##.#
#.#P.h@P#.#
.....######.#8...8#.#
#>..........#######.#
#.##.#####.....©....#
.....# #.......####
#.##.# ####...##
#.##.# ##### .....#
######


You could see 3 electric eels and a friendly hound.

Vanquished Creatures
  2 adders
  A worm (D:2)
  3 goblins
  7 hobgoblins
  3 jackals (D:3)
  A quokka (D:3)
  A ball python (D:3)
  5 bats
  3 kobolds
  3 rats
29 creatures vanquished.

Notes
Turn   | Place    | Note
-------+----------+-------------------------------------------
     0 | D:1      | Fionnbharr the Hill Orc Fighter began the quest for the Orb.
     0 | D:1      | Reached XP level 1. HP: 19/19 MP: 1/1
     2 | D:1      | Noticed a tengu
     4 | D:1      | Noticed a felid
     4 | D:1      | Noticed an ogre
    10 | D:1      | Noticed an elf
    10 | D:1      | Noticed a minotaur
    12 | D:1      | Noticed a troll
    14 | D:1      | Noticed a dwarf
    14 | D:1      | Noticed a formicid
    16 | D:1      | Noticed a spriggan
    16 | D:1      | Noticed a demigod
    18 | D:1      | Noticed an octopode
    20 | D:1      | Noticed a human
    22 | D:1      | Noticed a merfolk
    22 | D:1      | Noticed a ghoul
    24 | D:1      | Noticed a draconian
    24 | D:1      | Noticed a gargoyle
    26 | D:1      | Noticed a demonspawn
    26 | D:1      | Noticed a vine stalker
    28 | D:1      | Noticed a centaur
    28 | D:1      | Noticed a halfling
    30 | D:1      | Noticed a naga
    30 | D:1      | Noticed a vampire
   129 | D:2      | Reached XP level 2. HP: 19/27 MP: 2/2
   203 | D:2      | Reached XP level 3. HP: 8/33 MP: 3/3
   416 | D:3      | Found a hazy altar of Hepliaklqana.
   425 | D:3      | Found a shimmering altar of Xom.
   426 | D:3      | Noticed a spectral ugly thing
   441 | D:3      | Became a worshipper of Xom of Chaos
   663 | D:3      | Found a transporter.
   681 | D:3      | XOM: divination: magic mapping
   686 | D:3      | Found a transporter.
   724 | D:3      | XOM: divination: magic mapping
   770 | D:3      | XOM: cast spell 'Call Canine Familiar'
   773 | D:3      | Killed from afar by an electric eel

Skill      XL: |  1 |
---------------+----+-----
Axes           | 3 |  3.8
Fighting       | |  3.8
Armour         | |  3.7
Dodging        | |  0.4
Shields        | |  3.8

Action                   || total
-------------------------++-------
Melee: War axe           ||    76
  Use: Scroll            ||     1
  Eat: Bread ration      ||     1
Armor: Scale mail        ||    56
       Ring mail         ||     4
Dodge: Dodged            ||    42
Block: Shield            ||    76
